 Dungeon Crawl Stone Soup version 0.31-a0-1071-gaead2f62b1 (console) character file.

Game seed: 7814911695488806880

12523 jejorda2 the Cleaver (level 11, -4/133 HPs)
             Began as a Gnoll Berserker on Nov 25, 2023.
             Was a High Priest of Trog.
             Slain by an entropy weaver (5 damage)
             ... on level 13 of the Dungeon.
             The game lasted 00:24:45 (9006 turns).

jejorda2 the Cleaver (Gnoll Berserker)              Turns: 9006, Time: 00:24:46

Health: -4/133     AC: 11    Str: 27    XL:     11   Next: 94%
Magic:  21/21      EV: 12    Int:  6    God:    Trog [*****.]
Gold:   450        SH:  5    Dex: 12    Spells: 23/23 levels left

rFire   . . .        a - +10 war axe {flame, +Blink Str+5 Dex+3}
rCold   + . .        b - orb {light}
rNeg    . . .        c - +2 chain mail of Beogh's Supremacy {rC+}
rPois   +            z - +0 helmet of Conscience {Rampage rPois Regen+}
rElec   +            (no cloak)
rCorr   .            H - +0 pair of gloves of Patterns {-Cast +Blink rElec Dex-2}
SInv    .            (no boots)
Will    +++..        y - amulet of reflection Stlth
                     f - ring of willpower
HPRegen 2.22/turn    (no ring)
MPRegen 0.17/turn

%: no spellcasting, reflection, rampage
@: berserking (expiring), strong-willed, corroded, regenerating, glowing, very
quick
A: fangs 1, strong nose, distributed training
a: Renounce Religion, Evoke Blink, Berserk, Trog's Hand, Brothers in Arms


You were on level 13 of the Dungeon.
You worshipped Trog.
Trog was extremely pleased with you.
You visited 1 branch of the dungeon, and saw 12 of its levels.
You also visited: Sewer.

You collected 564 gold pieces.
You spent 114 gold pieces at shops.

Inventory:

Hand Weapons
 a - the +10 war axe of Discord (weapon) {flame, +Blink Str+5 Dex+3}
   (Trog gifted it to you on level 10 of the Dungeon)

   Str+5:     It affects your strength (+5).
   Dex+3:     It affects your dexterity (+3).
   +Blink:    It lets you blink.
 F - a +4 battleaxe
Missiles
 d - 9 boomerangs (quivered)
 g - 4 poisoned darts
 B - 3 curare-tipped darts
Armour
 b - an orb of light (worn)
 c - the +2 chain mail of Beogh's Supremacy (worn) {rC+}
   (You acquired it on level 4 of the Dungeon)

   rC+:       It protects you from cold.
 z - the +0 helmet of Conscience (worn) {Rampage rPois Regen+}
   (You acquired it on level 8 of the Dungeon)

   rPois:     It protects you from poison Regen+: It increases your rate of
   health regeneration.
   Rampage:   It bestows one free step when moving towards enemies.
 H - the +0 pair of gloves of Patterns (worn) {-Cast +Blink rElec Dex-2}
   (You acquired it on level 10 of the Dungeon)

   Dex-2:     It affects your dexterity (-2).
   rElec:     It insulates you from electricity.
   +Blink:    It lets you blink.
   -Cast:     It prevents spellcasting.
Jewellery
 e - a ring of ice
 f - a ring of willpower (left hand)
 k - a ring of ice
 l - a ring of magical power
 v - an amulet of regeneration
 w - a ring of fire
 y - an amulet of reflection (around neck)
Talismans
 j - a beast talisman
Wands
 q - a wand of quicksilver (5)
 r - a wand of flame (63)
 x - a wand of paralysis (5)
 D - a wand of mindburst (7)
Scrolls
 m - a scroll of enchant weapon
 n - 2 scrolls of revelation
 s - 7 scrolls of teleportation
 t - a scroll of fear
 E - a scroll of enchant armour
 G - 2 scrolls of poison
 I - a scroll of summoning
Potions
 h - a potion of enlightenment
 i - 3 potions of invisibility {unknown}
 o - a potion of ambrosia {unknown}
 p - 2 potions of cancellation
 u - 4 potions of curing
 A - 3 potions of heal wounds
 C - a potion of resistance


   Skills:
 + Level 9.6 Fighting
 + Level 6.9 Short Blades
 + Level 6.9 Long Blades
 + Level 9.6 Axes
 + Level 6.9 Maces & Flails
 + Level 6.9 Polearms
 + Level 6.9 Staves
 + Level 6.9 Ranged Weapons
 + Level 6.9 Throwing
 + Level 8.3 Armour
 + Level 8.3 Dodging
 + Level 6.9 Stealth
 + Level 6.9 Shields
 + Level 6.9 Unarmed Combat
 + Level 6.9 Spellcasting
 + Level 5.7 Conjurations
 + Level 5.7 Hexes
 + Level 5.7 Summonings
 + Level 5.7 Necromancy
 + Level 5.7 Translocations
 + Level 5.7 Transmutations
 + Level 5.7 Fire Magic
 + Level 5.7 Ice Magic
 + Level 5.7 Air Magic
 + Level 5.7 Earth Magic
 + Level 5.7 Poison Magic
 + Level 7.5 Invocations
 + Level 6.9 Evocations
 + Level 6.2 Shapeshifting


You had 23 spell levels left.
You didn't know any spells.
Your spell library was empty.

Dungeon Overview and Level Annotations

Branches:
Dungeon (11/15)            Temple (0/1) D:5            Lair (0/5) D:10
  Sewer (visited)
    Orc: D:9-12

Altars:
Cheibriados
Dithmenos
Elyvilon
Kikubaaqudgha
Makhleb
Ru
Trog
Uskayaw
Wu Jian
Yredelemnul

Shops:
D:3 ?


Innate Abilities, Weirdness & Mutations

You have very sharp teeth.
Your uncanny sense of smell can sniff out nearby items.
Your experience applies equally to all skills.


Message History

A red film seems to cover your vision as you go berserk!
You feel yourself moving faster!
You feel mighty!
An entropy weaver comes into view.
The orc wizard gestures wildly while chanting.
The orc wizard flickers and vanishes!
Deactivating autopickup; reactivate with Ctrl-A.
The orc closely misses you.
An orc comes into view. It is wielding a +0 short sword.
You barely miss the orc. You slice the orc!! You burn the orc.
You kill the orc!
Trog accepts your kill.
You rampage towards the orc priest!
You slash the orc priest! You burn the orc priest!
You kill the orc priest!
Trog accepts your kill.
The entropy weaver points at you and mumbles some strange words.
The entropic weave corrodes you!
Items here: ) [ †.
You rampage towards the entropy weaver!
An ironbound preserver comes into view. It is wielding a +0 dire flail.
The ironbound preserver shouts!
You slash the entropy weaver! You burn the entropy weaver.
The entropy weaver is moderately wounded.
You hit the orc wizard. You burn the orc wizard. The entropy weaver hits you.
* * * LOW HITPOINT WARNING * * *
The entropy weaver hits you!
* * * LOW HITPOINT WARNING * * *
The entropy weaver hits you!
* * * LOW HITPOINT WARNING * * *
The entropy weaver hits you but does no damage.
You hit the entropy weaver but do no damage.
The entropy weaver is moderately wounded.
You hit the orc wizard. You burn the orc wizard.
The orc wizard points at you and mumbles some strange words.
The magic dart hits you but does no damage.
The entropy weaver barely misses you. The entropy weaver hits you.
* * * LOW HITPOINT WARNING * * *
The entropy weaver hits you.
You die...

#.# ## ##... .. .... .#
#..# .# # #..# .##.#.#
#..#####B!.....
#..))..@o...p..
##########....))o###.#.#
............####.#
###########.# #... #.#
####.. #.# .# #.. # ###


You could see an ironbound preserver, an entropy weaver, an orc wizard
(invisible) and an orc.

Vanquished Creatures
  A centaur warrior (D:13)
  3 two-headed ogres
  Amaemon (D:9)
  An orange demon (D:9)
  Joseph (D:9)
  A hornet (D:7)
  Sigmund (D:2)
  14 yaks
  2 wyverns (D:10)
  2 wraiths
  2 basilisks (D:10)
  6 vampire mosquitoes (D:10)
  An acid dragon (D:9)
  5 water moccasins
  A sky beast (D:6)
  An ice beast (D:8)
  2 orc warriors
  A black bear (D:5)
  A hornet zombie (D:6)
  2 ogres
  4 centaurs
  A phantom (D:6)
  2 kobold brigands
  A bullfrog (D:8)
  A gnoll sergeant (D:7)
  A water moccasin zombie (D:6)
  A scorpion (D:5)
  9 wights
  A water moccasin skeleton (D:6)
  17 killer bees
  3 howler monkeys
  A centaur zombie (D:6)
  A lava snake (D:9)
  4 bullfrog zombies (D:6)
  4 hounds
  A centaur skeleton (D:6)
  5 orc priests
  A bullfrog skeleton (D:6)
  Jessica (D:3)
  A gnoll bouda (D:6)
  2 sleepcaps
  Terence (D:3)
  6 iguanas
  Natasha (thrice) (D:2)
  10 orc wizards
  A hell rat (Sewer)
  A killer bee zombie (D:6)
  Robin (D:3)
  15 gnolls
  9 adders
  2 river rats (Sewer)
  A shadow imp (D:8)
  3 white imps
  2 ufetubi (D:6)
  A worm (D:5)
  2 dart slugs
  45 orcs
  3 bat skeletons (D:8)
  2 bat zombies (D:8)
  8 endoplasms
  2 giant cockroaches
  17 goblins
  9 hobgoblins
  8 jackals
  11 kobolds
  2 quokkas
  3 ball pythons
  5 bats
  3 frilled lizards
  8 rats
295 creatures vanquished.

Notes
Turn   | Place    | Note
-------+----------+-------------------------------------------
     0 | D:1      | jejorda2 the Gnoll Berserker began the quest for the Orb.
     0 | D:1      | Reached XP level 1. HP: 23/23 MP: 1/1
   167 | D:1      | Reached XP level 2. HP: 29/29 MP: 2/2
   336 | D:1      | Reached XP level 3. HP: 34/35 MP: 3/3
   432 | D:1      | Reached ** piety under Trog
   865 | D:2      | Noticed Natasha
   893 | D:2      | Found a hide-covered altar of Uskayaw.
   906 | D:2      | Reached skill level 1 in Invocations
  1148 | D:2      | Noticed Sigmund
  1161 | D:2      | Killed Sigmund
  1162 | D:2      | Reached skill level 1 in Short Blades
  1162 | D:2      | Reached skill level 1 in Long Blades
  1162 | D:2      | Reached skill level 1 in Maces & Flails
  1162 | D:2      | Reached skill level 1 in Polearms
  1162 | D:2      | Reached skill level 1 in Staves
  1162 | D:2      | Reached skill level 1 in Ranged Weapons
  1162 | D:2      | Reached skill level 1 in Throwing
  1162 | D:2      | Reached skill level 1 in Stealth
  1162 | D:2      | Reached skill level 1 in Shields
  1162 | D:2      | Reached skill level 1 in Unarmed Combat
  1162 | D:2      | Reached skill level 1 in Spellcasting
  1162 | D:2      | Reached skill level 1 in Conjurations
  1162 | D:2      | Reached skill level 1 in Hexes
  1162 | D:2      | Reached skill level 1 in Summonings
  1162 | D:2      | Reached skill level 1 in Necromancy
  1162 | D:2      | Reached skill level 1 in Translocations
  1162 | D:2      | Reached skill level 1 in Transmutations
  1162 | D:2      | Reached skill level 1 in Fire Magic
  1162 | D:2      | Reached skill level 1 in Ice Magic
  1162 | D:2      | Reached skill level 1 in Air Magic
  1162 | D:2      | Reached skill level 1 in Earth Magic
  1162 | D:2      | Reached skill level 1 in Poison Magic
  1162 | D:2      | Reached skill level 1 in Evocations
  1162 | D:2      | Reached skill level 1 in Shapeshifting
  1162 | D:2      | Reached XP level 4. HP: 41/41 MP: 4/6
  1162 | D:2      | Reached XP level 5. HP: 47/47 MP: 4/7
  1232 | D:2      | Killed Natasha
  1233 | D:2      | Reached XP level 6. HP: 40/53 MP: 8/8
  1361 | D:2      | Noticed Natasha
  1368 | D:2      | Killed Natasha
  1614 | D:2      | Noticed Natasha
  1633 | D:2      | Killed Natasha
  1634 | D:2      | Reached skill level 5 in Armour
  1634 | D:2      | Reached skill level 5 in Dodging
  1726 | D:3      | Found Zerennel's Magic Scroll Emporium.
  1731 | D:3      | Bought a scroll of revelation for 90 gold pieces
  1765 | D:3      | Bought a scroll of identify for 24 gold pieces
  1875 | D:3      | Noticed Robin
  1886 | D:3      | Killed Robin
  2156 | D:3      | Noticed Jessica
  2163 | D:3      | Killed Jessica
  2163 | D:3      | Reached *** piety under Trog
  2421 | D:3      | Noticed Terence
  2430 | D:3      | Killed Terence
  2573 | D:3      | Upgraded the game from 0.31-a0-986-g5e6e4ef867 to
                  | 0.31-a0-1071-gaead2f62b1
  2831 | D:4      | Reached XP level 7. HP: 59/59 MP: 10/10
  2986 | D:4      | Found a sacrificial altar of Ru.
  3262 | D:4      | Identified a scroll of acquirement
  3262 | D:4      | Acquired the +2 chain mail of Beogh's Supremacy {rC+}
  3280 | D:5      | Entered Level 5 of the Dungeon
  3360 | D:5      | Found a glowing drain.
  3388 | Sewer    | Entered a sewer
  3595 | D:5      | Found a staircase to the Ecumenical Temple.
  3639 | D:5      | Reached XP level 8. HP: 67/67 MP: 12/12
  3846 | D:5      | Reached **** piety under Trog
  3994 | D:5      | Found a shadowy altar of Dithmenos.
  4651 | D:6      | Reached XP level 9. HP: 73/73 MP: 14/14
  5579 | D:7      | Noticed a hornet
  5587 | D:7      | Killed a hornet
  5588 | D:7      | Reached skill level 5 in Invocations
  5893 | D:7      | Found a snail-covered altar of Cheibriados.
  6074 | D:7      | Reached ***** piety under Trog
  6174 | D:8      | Noticed a two-headed ogre
  6182 | D:8      | Killed a two-headed ogre
  6183 | D:8      | Reached skill level 5 in Short Blades
  6183 | D:8      | Reached skill level 5 in Long Blades
  6183 | D:8      | Reached skill level 5 in Maces & Flails
  6183 | D:8      | Reached skill level 5 in Polearms
  6183 | D:8      | Reached skill level 5 in Staves
  6183 | D:8      | Reached skill level 5 in Ranged Weapons
  6183 | D:8      | Reached skill level 5 in Throwing
  6183 | D:8      | Reached skill level 5 in Stealth
  6183 | D:8      | Reached skill level 5 in Shields
  6183 | D:8      | Reached skill level 5 in Unarmed Combat
  6183 | D:8      | Reached skill level 5 in Spellcasting
  6183 | D:8      | Reached skill level 5 in Evocations
  6183 | D:8      | Reached XP level 10. HP: 81/81 MP: 15/17
  6451 | D:8      | Acquired the +0 helmet of Conscience {Rampage rPois Regen+}
  6510 | D:8      | Found an ancient bone altar of Kikubaaqudgha.
  6645 | D:8      | Found a bloodstained altar of Trog.
  6804 | D:9      | Noticed Joseph
  6813 | D:9      | Killed Joseph
  6848 | D:9      | Found a burning altar of Makhleb.
  7267 | D:9      | Found a white marble altar of Elyvilon.
  7311 | D:9      | Noticed a two-headed ogre
  7323 | D:9      | HP: 1/123 [two-headed ogre/+0 giant club (9)]
  7324 | D:9      | Killed a two-headed ogre
  7325 | D:9      | Reached skill level 5 in Shapeshifting
  7581 | D:9      | Noticed an orange demon
  7596 | D:9      | Killed an orange demon
  7689 | D:9      | Noticed Amaemon
  7703 | D:9      | Killed Amaemon
  7704 | D:9      | Reached skill level 5 in Conjurations
  7704 | D:9      | Reached skill level 5 in Hexes
  7704 | D:9      | Reached skill level 5 in Summonings
  7704 | D:9      | Reached skill level 5 in Necromancy
  7704 | D:9      | Reached skill level 5 in Translocations
  7704 | D:9      | Reached skill level 5 in Transmutations
  7704 | D:9      | Reached skill level 5 in Fire Magic
  7704 | D:9      | Reached skill level 5 in Ice Magic
  7704 | D:9      | Reached skill level 5 in Air Magic
  7704 | D:9      | Reached skill level 5 in Earth Magic
  7704 | D:9      | Reached skill level 5 in Poison Magic
  7704 | D:9      | Reached XP level 11. HP: 89/89 MP: 18/20
  7997 | D:10     | Entered Level 10 of the Dungeon
  8121 | D:10     | Identified the +10 war axe of Discord {flame, +Blink Str+5
                  | Dex+3} (Trog gifted it to you on level 10 of the Dungeon)
  8121 | D:10     | Received a gift from Trog
  8332 | D:10     | Noticed a two-headed ogre
  8341 | D:10     | Killed a two-headed ogre
  8444 | D:10     | Found a staircase to the Lair.
  8462 | D:10     | Acquired the +0 pair of gloves of Patterns {-Cast +Blink
                  | rElec Dex-2}
  8631 | D:10     | Found an ornate altar of the Wu Jian Council.
  8800 | D:10     | Found a basalt altar of Yredelemnul.
  8943 | D:11     | Noticed a boulder beetle
  8950 | D:11     | You fall into a shaft and drop 2 floors!
  8987 | D:13     | Noticed a centaur warrior
  8999 | D:13     | Killed a centaur warrior
  9000 | D:13     | Noticed an entropy weaver
  9005 | D:13     | Noticed an ironbound preserver
  9005 | D:13     | HP: 3/133 [entropy weaver (9)]
  9006 | D:13     | HP: 1/133 [entropy weaver (4)]
  9006 | D:13     | Slain by an entropy weaver

Illustrated notes

Levels and vault maps discovered:
D:1:      wander_arrival_abandoned_jail, layout_rooms, serial_forest,
          infiniplex_forest_clump_small, infiniplex_forest_lined_1,
          infiniplex_forest_clump_diagonal, infiniplex_forest_clump_diagonal,
          infiniplex_forest_join, infiniplex_forest_zigzag_1, minmay_cupped
D:2:      layout_loops_cross, basic_altar, uniq_natasha, uniq_sigmund
D:3:      layout_loops_corners, serial_shops, nicolae_shop_rolling_square,
          uniq_jessica, uniq_terence, uniq_robin
D:4:      layout_basic, nicolae_ru_great_annihilating_truth
D:5:      layout_loops_ring, lemuel_coloured_pillars_altar,
          minmay_temple_entry_steel_oval, cheibrodos_sewer_entry_bend
D:6:      nicolae_cairo_tiling_large, layout_basic, serial_undead,
          serial_undead_d, serial_undead_e, serial_undead_a, serial_undead_d,
          kennysheep_crisscross
D:7:      layout_basic, kennysheep_slug_shrine, corexii_checkpoint
D:8:      layout_cave_pools, overflow_temple_1_default,
          kennysheep_vampire_church, minmay_between
D:9:      layout_gridville, elyvilon_altar_3, bloody_makhleb,
          nicolae_lava_and_water, uniq_joseph, uniq_amaemon
D:10:     layout_rooms, nicolae_overflow_crystal_walls, lemuel_tele_altar,
          minmay_lair_entry_grove
D:11:     layout_cave_pools, orc_0_dummy
D:13:     minmay_razor_zed, layout_loops_ring, hellmonk_vaults_order_and_chaos,
          uniq_snorg

Skill      XL: |  1  2  3  4  5  6  7  8  9 10 11 |
---------------+----------------------------------+-----
Invocations    | 1 2 3 4 5 6 7 |  7.5
Short Blades   | 1 2 3 5 6 |  6.9
Long Blades    | 1 2 3 5 6 |  6.9
Maces & Flails | 1 2 3 5 6 |  6.9
Polearms       | 1 2 3 5 6 |  6.9
Staves         | 1 2 3 5 6 |  6.9
Ranged Weapons | 1 2 3 5 6 |  6.9
Throwing       | 1 2 3 5 6 |  6.9
Stealth        | 1 2 3 5 6 |  6.9
Shields        | 1 2 3 5 6 |  6.9
Unarmed Combat | 1 2 3 5 6 |  6.9
Spellcasting   | 1 2 3 5 6 |  6.9
Conjurations   | 1 2 3 4 5 |  5.7
Hexes          | 1 2 3 4 5 |  5.7
Summonings     | 1 2 3 4 5 |  5.7
Necromancy     | 1 2 3 4 5 |  5.7
Translocations | 1 2 3 4 5 |  5.7
Transmutations | 1 2 3 4 5 |  5.7
Fire Magic     | 1 2 3 4 5 |  5.7
Ice Magic      | 1 2 3 4 5 |  5.7
Air Magic      | 1 2 3 4 5 |  5.7
Earth Magic    | 1 2 3 4 5 |  5.7
Poison Magic   | 1 2 3 4 5 |  5.7
Evocations     | 1 2 3 5 6 |  6.9
Shapeshifting  | 1 2 3 4 5 6 |  6.2
Armour         | 5 6 7 8 |  8.3
Dodging        | 5 6 7 8 |  8.3
Fighting       | 7 8 9 |  9.6
Axes           | 7 8 9 |  9.6

Action                     |  1- 3 |  4- 6 |  7- 9 | 10-12 || total
---------------------------+-------+-------+-------+-------++-------
  Melee: Hand axe          |   100 |   111 |   343 |       ||   554
         Bite              |    16 |    15 |    41 |    28 ||   100
         Punch             |     1 |     2 |     9 |       ||    12
         Battleaxe         |       |       |    40 |   176 ||   216
         War axe           |       |       |       |    97 ||    97
  Throw: Boomerang         |       |       |       |    10 ||    10
 Invoke: Berserk           |     1 |     1 |     6 |     6 ||    14
         Trog's Hand       |     1 |       |     2 |     2 ||     5
    Use: Scroll            |       |     2 |    19 |     4 ||    25
         Potion            |       |       |     1 |       ||     1
   Stab: Distracted        |       |       |       |     1 ||     1
 Armour: Leather armour    |    27 |       |       |       ||    27
         Animal skin       |     1 |       |       |       ||     1
         Chain mail        |    36 |    69 |   290 |   275 ||   670
         Plate armour      |       |       |    12 |       ||    12
  Dodge: Dodged            |    60 |    35 |   159 |   181 ||   435
  Block: Other             |       |       |       |    47 ||    47

Table legend: (Time is in decaauts)
 A = Elapsed time spent in this place.
 B = Non-inter-level travel time spent in this place.
 C = Inter-level travel time spent in this place.
 D = Time resting spent in this place.
 E = Time spent auto-exploring this place.
 F = Levels seen in this place.
 G = Mean time per level.
                   A        B        C        D        E       F      G
               +--------+--------+--------+--------+--------+-----+--------+
         Total |   9174 |   8542 |    632 |    718 |   5937 |  13 |  705.7 |
       Dungeon |   9075 |   8443 |    632 |    718 |   5895 |  12 |  756.2 |
         Sewer |     99 |     99 |      0 |      0 |     42 |   1 |   99.0 |
               +--------+--------+--------+--------+--------+-----+--------+

Top non-repeatable levels by time:
     D:9: 1315 daAuts
     D:6: 1047 daAuts
     D:5: 962 daAuts
     D:1: 928 daAuts
     D:3: 901 daAuts
     D:7: 817 daAuts
     D:2: 798 daAuts
    D:10: 782 daAuts
     D:4: 735 daAuts
     D:8: 674 daAuts
   Sewer: 99 daAuts
    D:11: 57 daAuts
    D:13: 54 daAuts
